 Dungeon Crawl Stone Soup version 0.31-a0-960-g0fca184906 (webtiles) character file.

Game seed: 5175892147894724375

70 Getoffmy the Stinger (level 4, 0/27 HPs)
             Began as an Octopode Venom Mage on Oct 23, 2023.
             Killed from afar by Crazy Yiuf (7 damage)
             ... with a puff of flame
             ... on level 2 of the Dungeon.
             The game lasted 00:04:40 (1935 turns).

Getoffmy the Stinger (Octopode Venom Mage)          Turns: 1935, Time: 00:04:41

Health: 0/27       AC:  1    Str:  7    XL:     4   Next: 22%
Magic:  3/7        EV: 13    Int: 19    God:
Gold:   63         SH:  0    Dex: 12    Spells: 5/8 levels left

rFire   . . .        d - +0 dagger
rCold   . . .        (no shield)
rNeg    . . .        (helmet restricted)
rPois   .            (no amulet)
rElec   .            (no ring)
rCorr   .            (no ring)
SInv    .            (no ring)
Will    .....        (no ring)
Stlth   +++          (no ring)
HPRegen 0.24/turn    (no ring)
MPRegen 0.10/turn    (no ring)
                     (no ring)

%: no passive effects
@: no status effects
A: almost no armour, amphibious, 8 rings, camouflage 1, gelatinous body 1,
(nimble swimmer 1), tentacles
a: no special abilities


You were on level 2 of the Dungeon.
You visited 1 branch of the dungeon, and saw 2 of its levels.

You collected 63 gold pieces.

Inventory:

Hand Weapons
 d - a +0 dagger (weapon)
Missiles
 b - 25 stones
Jewellery
 f - a ring of ice
Scrolls
 c - 3 scrolls of identify {unknown}
 e - a scroll of teleportation {unknown}
 g - a scroll of noise {unknown}
 h - a scroll of fear {unknown}
Potions
 a - a potion of magic


   Skills:
 - Level 2.0 Dodging
 + Level 3.5 Stealth
 + Level 2.6 Spellcasting
 - Level 1.0 Transmutations
 - Level 0.6 Air Magic
 * Level 5.0 Poison Magic


You had 5 spell levels left.
You knew the following spells:

 Your Spells              Type           Power      Damage    Failure   Level
a - Sting                 Tmut/Pois      52%        1d5       4%          1
b - Poisonous Vapours     Pois/Air       26%        N/A       8%          2

Your spell library contained the following spells:

 Spells                   Type           Power      Damage    Failure   Level
 Olgreb's Toxic Radiance  Pois           21%        N/A       21%         4
 Mephitic Cloud           Conj/Pois/Air  9%         N/A       22%         3


Dungeon Overview and Level Annotations

Branches:
Dungeon (2/15)

Altars:

Annotations:
D:2 Crazy Yiuf


Innate Abilities, Weirdness & Mutations

You cannot wear most types of armour.
You are amphibious.
You can wear up to eight rings at the same time.
Your skin changes colour to match your surroundings (Stealth+).
Your rubbery body absorbs attacks. (AC +1, EV +1)
((You are camouflaged when in or above water. (Stealth+)))
You have tentacles for arms and can constrict up to eight enemies at once.


Message History

You start resting.
Magic restored.
Found a hammer.
Found a runed translucent door.
You open the door.
Casting: Sting (safe; 4% risk of failure)
Confirm with . or Enter, or press ? or * to list all spells.
You can't see any susceptible monsters within range! (Use Z to cast anyway.)
Casting: Sting (safe; 4% risk of failure)
Confirm with . or Enter, or press ? or * to list all spells.
Aiming: Poisonous Vapours (safe; 8% risk of failure)
Press: ? - help, Dir - move target, f - Crazy Yiuf
Aim: Crazy Yiuf, wielding a +4 quarterstaff of chaos, wearing a +0 cloak and carrying a wand of flame (asleep) Poisonous vapours surround Crazy Yiuf!
Crazy Yiuf is poisoned.
Crazy Yiuf shouts!
Crazy Yiuf zaps a wand.
The puff of flame hits you!
Casting: Poisonous Vapours (safe; 8% risk of failure)
Confirm with . or Enter, or press ? or * to list all spells.
You can't see any susceptible monsters within range! (Use Z to cast anyway.)
Casting: Poisonous Vapours (safe; 8% risk of failure)
Confirm with . or Enter, or press ? or * to list all spells.
Aiming: Poisonous Vapours (safe; 8% risk of failure)
Press: ? - help, Dir - move target, f/p - Crazy Yiuf
Aim: Crazy Yiuf, wielding a +4 quarterstaff of chaos, wearing a +0 cloak and carrying a wand of flame (poisoned) Poisonous vapours surround Crazy Yiuf!
Crazy Yiuf looks even sicker.
Crazy Yiuf zaps a wand.
The puff of flame hits you!
* * * LOW HITPOINT WARNING * * *
Casting: Poisonous Vapours (safe; 8% risk of failure)
Confirm with . or Enter, or press ? or * to list all spells.
You can't see any susceptible monsters within range! (Use Z to cast anyway.) Unknown command.
Casting: Poisonous Vapours (safe; 8% risk of failure)
Confirm with . or Enter, or press ? or * to list all spells.
Aiming: Sting (safe; 4% risk of failure)
Press: ? - help, Shift-Dir - straight line, f/p - Crazy Yiuf
Aim: Crazy Yiuf, wielding a +4 quarterstaff of chaos, wearing a +0 cloak and carrying a wand of flame (heavily wounded, poisoned, 75% to hit)
The sting misses Crazy Yiuf.
The sting hits the fungus.
The fungus partially resists.
The fungus is poisoned.
The fungus begins to die.
The fungus is lightly damaged.
Crazy Yiuf zaps a wand.
The puff of flame hits you!
You die...

.... #...+......'..#.#.
....# #.###......####.#.
#...#......####.#.
#.#........'..#.#.
#.#........##.#.#.
#.#..########.#.#.
######.#..## #.#.#>
####.†.##.#...#######.#.##
.........#@#.#.........#...
..####....####.############
##.g## #.............
♣.P.P♣ ####.#####.....
♣♣P..♣ #..............
♣♣g♣♣ ####..##....... ♣♣.♣
##..#....... ♣.♣♣
##.#....... ♣♣.♣ #.>.......


You could see Crazy Yiuf (poisoned).

Vanquished Creatures
  4 adders (D:2)
  A dart slug (D:2)
  4 endoplasms
  3 goblins
  3 hobgoblins
  6 bats
  2 frilled lizards
  9 kobolds
  A rat (D:1)
33 creatures vanquished.

Notes
Turn   | Place    | Note
-------+----------+-------------------------------------------
     0 | D:1      | Getoffmy the Octopode Venom Mage began the quest for the
                  | Orb.
     0 | D:1      | Reached XP level 1. HP: 11/11 MP: 3/3
   264 | D:1      | Reached XP level 2. HP: 17/17 MP: 0/5
   280 | D:1      | Reached skill level 4 in Poison Magic
   444 | D:1      | Learned a level 2 spell: Poisonous Vapours
  1200 | D:2      | Reached XP level 3. HP: 5/21 MP: 0/6
  1591 | D:2      | Reached XP level 4. HP: 27/27 MP: 5/7
  1877 | D:2      | Reached skill level 5 in Poison Magic
  1917 | D:2      | Found a runed translucent door.
  1918 | D:2      | Noticed Crazy Yiuf
  1935 | D:2      | Killed from afar by Crazy Yiuf

Illustrated notes

Levels and vault maps discovered:
D:1:      lightli_arrival_lavapool, layout_loops_ring, minmay_octomino_e4
D:2:      layout_basic, uniq_crazy_yiuf_cottage

Skill      XL: |  1  2  3  4 |
---------------+-------------+-----
Stealth        | 3 |  3.5
Poison Magic   | 4 5 |  5.0
Dodging        | |  2.0
Spellcasting   | |  2.6
Transmutations | |  1.0
Air Magic      | |  0.6

Action                     |  1- 3 |  4- 6 || total
---------------------------+-------+-------++-------
  Melee: Unarmed           |    15 |       ||    15
         Constrict         |     8 |     1 ||     9
         Tentacles         |     7 |       ||     7
         Dagger            |    22 |     3 ||    25
   Cast: Sting             |    41 |     5 ||    46
         Poisonous Vapours |       |     2 ||     2
   Stab: Sleeping          |     6 |     1 ||     7
 Armour: Skin              |    31 |     7 ||    38
  Dodge: Dodged            |    55 |     2 ||    57

Table legend: (Time is in decaauts)
 A = Elapsed time spent in this place.
 B = Non-inter-level travel time spent in this place.
 C = Inter-level travel time spent in this place.
 D = Time resting spent in this place.
 E = Time spent auto-exploring this place.
 F = Levels seen in this place.
 G = Mean time per level.
                   A        B        C        D        E       F      G
               +--------+--------+--------+--------+--------+-----+--------+
         Total |   1934 |   1863 |     71 |    455 |   1080 |   2 |  967.0 |
       Dungeon |   1934 |   1863 |     71 |    455 |   1080 |   2 |  967.0 |
               +--------+--------+--------+--------+--------+-----+--------+

Top non-repeatable levels by time:
     D:1: 1095 daAuts
     D:2: 838 daAuts
